 Dungeon Crawl Stone Soup version 0.19-a0-1861-g35def1e (webtiles) character file.

350 Amnesiac the Sneak (level 6, 0/34 HPs)
             Began as a Deep Elf Assassin on Oct 12, 2016.
             Was an Initiate of Gozag.
             Slain by a phantom (7 damage)
             ... on level 3 of the Dungeon.
             The game lasted 00:07:59 (3831 turns).

Amnesiac the Sneak (Deep Elf Assassin)              Turns: 3831, Time: 00:07:59

Health: 0/34       AC:  5    Str:  8    XL:     6   Next: 34%
Magic:  8/8        EV: 12    Int: 22    God:    Gozag
Gold:   312        SH:  0    Dex: 18    Spells: 0 memorised, 5 levels left

rFire  . . .     SeeInvis .     a - +2 dagger
rCold  . . .     Gourm    .     c - +0 robe
rNeg   . . .     Faith    .     (no shield)
rPois  .         Spirit   .     (no helmet)
rElec  .         Dismiss  .     d - +1 cloak
rCorr  .         Reflect  .     o - +0 pair of gloves
MR     .....     Harm     .     (no boots)
Stlth  ++++......               (no amulet)
                                (no ring)
                                n - +6 ring of intelligence

@: no status effects
A: no striking features
a: Potion Petition, Call Merchant, Bribe Branch, Renounce Religion


You were on level 3 of the Dungeon.
You worshipped Gozag.
Gozag was aware of your devotion.
You were not hungry.

You visited 2 branches of the dungeon, and saw 6 of its levels.

You collected 393 gold pieces.
You paid 81 gold pieces to Gozag.

Inventory:

Hand Weapons
 a - a +2 dagger (weapon)
 b - a +0 blowgun
Missiles
 e - 7 poisoned needles
Armour
 c - a +0 robe (worn)
 d - a +1 cloak (worn)
 o - a +0 pair of gloves (worn)
Jewellery
 n - a +6 ring of intelligence (left hand)
Wands
 v - a wand of teleportation (6/9)
Scrolls
 j - a scroll of enchant armour
 l - 3 scrolls of remove curse
 m - a scroll of identify
Potions
 f - a potion of ambrosia
 h - 2 potions of invisibility
 i - a potion of degeneration {unknown}
 k - 2 potions of curing {unknown}
 p - a potion of beneficial mutation {unknown}
Comestibles
 g - 6 bread rations


   Skills:
 - Level 1.5 Fighting
 + Level 3.6 Short Blades
 + Level 3.7 Throwing
 - Level 1.2 Dodging
 * Level 7.8 Stealth


You had 5 spell levels left.
You didn't know any spells.

Dungeon Overview and Level Annotations

Branches:
Dungeon (5/15)             Temple (1/1) D:5

Altars:
Dithmenos
Elyvilon
Fedhas
Gozag
Kikubaaqudgha
Makhleb
Nemelex Xobeh
Okawaru
Qazlal
Ru
Sif Muna
Trog
Uskayaw
Xom
Zin
The Shining One

Annotations:
D:4 exclusion: 2 jackals, Sigmund


Message History

q - a javelin Throwing (i - inventory):
q - a javelin (quivered)
Press: ? - help, Shift-Dir - straight line, f/p - phantom
Aim: a phantom (heavily damaged)
You throw a javelin. The javelin barely misses the phantom.
You see here a javelin.
q - a javelin Throwing (i - inventory):
q - a javelin (quivered)
Press: ? - help, Shift-Dir - straight line, f/p - phantom
Aim: a phantom (moderately damaged)
You throw a javelin. The javelin hits the phantom.
The phantom is heavily damaged.
The phantom hits you.
* * * LOW HITPOINT WARNING * * *
The phantom hits you.
* * * LOW HITPOINT WARNING * * *
The phantom blinks!
The phantom hits you!
You die...
Your body crumbles into a pile of gold.

..##......# ##########
..##......# #####........#
.)##......#######(..#........#
...'......'.....'...'........+
####......#######...#........#
#......# #..(#........#
#################...#........###
......@.........W...'..........#
############....@...#..........#
##### #..ยง.....#......)...#
...#######.......######'##...##
#.#$...(...#....# #..#.....
#.'........###### ##.#.....
#.#....##..# #.#.##..
#$......#### #..##...
#.#......#################....
#.$..##..####...###...####..##


You could see a phantom.

Vanquished Creatures
  An ogre (D:4)
  The ghost of Amnesiac the Sneak, a weakling DEAs (D:3)
  An orc priest (D:3)
  Terence (D:2)
  Natasha (D:2)
  6 adders
  An ooze (D:1)
  An adder skeleton (D:4)
  2 worms
  4 dart slugs
  A leopard gecko (D:1)
  9 orcs
  2 ball pythons
  8 bats
  A giant cockroach (D:2)
  11 goblins
  6 hobgoblins
  4 jackals (D:4)
  A quokka (D:5)
  2 frilled lizards
  7 kobolds
  A quokka zombie (D:5)
  6 rats
78 creatures vanquished.

Notes
Turn   | Place    | Note
-------+----------+-------------------------------------------
     0 | D:1      | Amnesiac the Deep Elf Assassin began the quest for the Orb.
     0 | D:1      | Reached XP level 1. HP: 12/12 MP: 3/3
    53 | D:1      | Reached skill level 5 in Stealth
   153 | D:1      | Reached XP level 2. HP: 13/16 MP: 4/4
   538 | D:2      | Found a faded altar of an unknown god.
   579 | D:2      | Reached XP level 3. HP: 20/20 MP: 5/5
   841 | D:4      | Reached skill level 6 in Stealth
  1190 | D:4      | Noticed Sigmund
  1191 | D:4      | Reached XP level 4. HP: 25/25 MP: 6/6
  1416 | D:4      | Noticed a phantom
  1444 | D:4      | Noticed an ogre
  1682 | D:4      | Killed an ogre
  1682 | D:4      | Reached XP level 5. HP: 29/29 MP: 7/7
  1858 | D:5      | Entered Level 5 of the Dungeon
  1921 | D:5      | Found a staircase to the Ecumenical Temple.
  1946 | Temple   | Entered the Ecumenical Temple
  1991 | Temple   | Became a worshipper of Gozag Ym Sagoz the Greedy
  2340 | D:2      | Noticed Natasha
  2367 | D:2      | Killed Natasha
  2367 | D:2      | Reached skill level 7 in Stealth
  2700 | D:2      | Found a blossoming altar of Fedhas.
  3059 | D:3      | Noticed Amnesiac's ghost (weakling DEAs)
  3066 | D:3      | Killed Amnesiac's ghost
  3066 | D:3      | Reached XP level 6. HP: 29/34 MP: 8/8
  3225 | D:3      | Noticed Terence
  3562 | D:2      | Killed Terence
  3831 | D:3      | Slain by a phantom

Vault maps used:
D:1:      nicolae_arrival_washed_ashore, hangedman_decor_push
D:2:      nicolae_overflow_hidden_temple, ecumenical_altar_1, first_bread,
          uniq_natasha
D:3:      hangedman_glass_teeth, st_stairs_14, uniq_terence
D:4:      uniq_sigmund
D:5:      lemuel_round_altar, serial_shops, shop
Temple:   eino_wide_crystal_templ

Skill      XL: |  1  2  3  4  5 |
---------------+----------------+-----
Stealth        | 5 6 7 |  7.8
Short Blades   | 3 |  3.6
Throwing       | 3 |  3.7
Fighting       | |  1.5
Dodging        | |  1.2

Action                   |  1- 3 |  4- 6 || total
-------------------------+-------+-------++-------
Melee: Dagger            |    86 |   160 ||   246
 Fire: Blowgun           |       |    27 ||    27
Throw: Javelin           |       |    15 ||    15
Invok: Potion Petition   |       |     1 ||     1
Evoke: Wand              |       |     1 ||     1
  Use: Scroll            |       |    11 ||    11
       Potion            |       |     2 ||     2
 Stab: Sleeping          |    12 |    14 ||    26
       Distracted        |     1 |     2 ||     3
  Eat: Chunk             |       |     4 ||     4
       Meat ration       |       |     1 ||     1
       Royal jelly       |       |     1 ||     1
Armor: Robe              |    23 |    38 ||    61
Dodge: Dodged            |    40 |    96 ||   136
